 Dungeon Crawl Stone Soup version 0.27-a0-3-gcf006a40f5 (webtiles) character file.

Game seed: 3659227833353405683

46 DuloT34 the Grave Robber (level 3, 0/26 HPs)
             Began as a Ghoul Necromancer on Jan 1, 2021.
             Slain by a worm (5 damage)
             ... on level 2 of the Dungeon.
             The game lasted 00:03:27 (2095 turns).

DuloT34 the Grave Robber (Ghoul Necromancer)        Turns: 2095, Time: 00:03:27

Health: 0/26       AC:  3    Str: 11    XL:     3   Next: 68%
Magic:  1/5        EV: 12    Int: 11    God:
Gold:   66         SH:  0    Dex:  9    Spells: 6/7 levels left

rFire    . . .     SeeInvis .   (no weapon)
rCold    + . .     Faith    .   (no shield)
rNeg     + + +     Spirit   .   a - +1 robe
rPois    ∞         Reflect  .   (no helmet)
rElec    .         Harm     .   (no cloak)
rCorr    .         Rampage  .   (no gloves)
Will     .....                  (no boots)
Stlth    ++........             (no amulet)
HPRegen  0.00/turn              (no ring)
MPRegen  0.09/turn              (no ring)

@: no status effects
A: claws 1, cold resistance 1, negative energy resistance 3, inhibited
regeneration, torment resistance, unbreathing
a: no special abilities


You were on level 2 of the Dungeon.
You visited 1 branch of the dungeon, and saw 2 of its levels.

You collected 66 gold pieces.

Inventory:

Armour
 a - a +1 robe (worn)
Scrolls
 c - 2 scrolls of remove curse
 g - a scroll of identify {unknown}
Potions
 b - a potion of might {unknown}
 d - a potion of attraction {unknown}
 e - a potion of haste {unknown}
 f - a potion of degeneration {unknown}
 h - a potion of heal wounds {unknown}


   Skills:
 - Level 1.7 Dodging
 - Level 2.1 Stealth
 + Level 2.6 Spellcasting
 + Level 4.6 Necromancy


You had 6 spell levels left.
You knew the following spells:

 Your Spells              Type           Power        Failure   Level
a - Pain                  Necr           44%          4%          1

Your spell library contained the following spells:

 Spells                   Type           Power        Failure   Level
 Animate Skeleton         Necr           22%          4%          1
 Vampiric Draining        Necr           5%           12%         3
 Animate Dead             Necr           5%           36%         4
 Agony                    Necr           11%          73%         5


Dungeon Overview and Level Annotations

Branches:
Dungeon (2/15)

Altars:


Innate Abilities, Weirdness & Mutations

You thrive by killing the living.
You are immune to poison.
You have sharp fingernails.
Your flesh is cold resistant. (rC+)
You are immune to negative energy. (rN+++)
You do not regenerate when monsters are visible.
You are immune to unholy pain and torment.
You can survive without breathing.


Message History

The worm writhes in agony.
You barely miss the worm.
The worm is severely wounded.
You completely miss the worm.
The worm is heavily wounded.
The worm bites you! The worm bites you!
You scratch the worm.
The worm is heavily wounded.
The worm bites you.
You scratch the worm.
The worm is heavily wounded.
You scratch the worm.
The worm is severely wounded.
The worm bites you.
* * * LOW HITPOINT WARNING * * *
You barely miss the worm.
The worm is heavily wounded.
The worm bites you.
You die...

#......>.....
####....###.#
#.......# ########
#.#####.# #......#
#.......# ##'####.#
#..###...# #.....#)#
#..# .# #.....#.#
#w.# .# #.....#.#
#@.#
#.....#.######..#
###.....#.#....#..#
#......##.#†...#..#
#......##.........#
†......####....##.###
#......# #.........#
######## #####.#.#.#
#<#.#.#


You could see a worm.

Vanquished Creatures
  2 adders (D:2)
  A leopard gecko (D:1)
  A bat (D:2)
  2 giant cockroaches
  5 goblins
  3 hobgoblins
  3 frilled lizards
  5 kobolds
  5 rats
27 creatures vanquished.

Notes
Turn   | Place    | Note
-------+----------+-------------------------------------------
     0 | D:1      | DuloT34 the Ghoul Necromancer began the quest for the Orb.
     0 | D:1      | Reached XP level 1. HP: 14/14 MP: 2/2
   411 | D:1      | Reached XP level 2. HP: 17/20 MP: 2/4
  1656 | D:2      | Reached XP level 3. HP: 12/26 MP: 1/5
  2095 | D:2      | Slain by a worm

Illustrated notes

Levels and vault maps discovered:
D:1:      minmay_arrival_solitary_statue, layout_basic
D:2:      layout_basic, lemuel_another_geyser

Skill      XL: |  1 |
---------------+----+-----
Spellcasting   | 2 |  2.6
Dodging        | |  1.7
Stealth        | |  2.1
Necromancy     | |  4.6

Action                   || total
-------------------------++-------
Melee: Unarmed           ||    74
 Cast: Pain              ||    42
  Use: Scroll            ||     3
 Stab: Sleeping          ||     3
Armor: Robe              ||    20
Dodge: Dodged            ||    59

Table legend: (Time is in decaauts)
 A = Elapsed time spent in this place.
 B = Non-inter-level travel time spent in this place.
 C = Inter-level travel time spent in this place.
 D = Time resting spent in this place.
 E = Time spent auto-exploring this place.
 F = Levels seen in this place.
 G = Mean time per level.
                   A        B        C        D        E       F      G
               +--------+--------+--------+--------+--------+-----+--------+
         Total |   2094 |   2017 |     77 |    612 |   1136 |   2 | 1047.0 |
       Dungeon |   2094 |   2017 |     77 |    612 |   1136 |   2 | 1047.0 |
               +--------+--------+--------+--------+--------+-----+--------+

Top non-repeatable levels by time:
     D:1: 1507 daAuts
     D:2: 587 daAuts
